 Dungeon Crawl Stone Soup version 0.28.0 (webtiles) character file.

Game seed: 10033444808914217159

154 oldriver the Vandal (level 5, -3/42 HPs)
             Began as a Formicid Hunter on Feb 12, 2022.
             Slain by a yak (14 damage)
             ... on level 3 of the Dungeon.
             The game lasted 00:03:41 (2641 turns).

oldriver the Vandal (Formicid Hunter)               Turns: 2641, Time: 00:03:42

Health: -3/42      AC:  4    Str: 19    XL:     5   Next: 63%
Magic:  5/5        EV: 11    Int: 10    God:
Gold:   132        SH:  0    Dex: 11    Spells: 4/4 levels left

rFire   + . .      SeeInvis +   a - +1 hunting sling
rCold   . . .      Faith    .   (no shield)
rNeg    . . .      Spirit   .   v - +1 leather armour {rF+}
rPois   .          Reflect  .   (helmet unavailable)
rElec   .          Harm     .   (no cloak)
rCorr   .          Rampage  .   (no gloves)
Will    .....                   (no boots)
Stlth   ++........              (no amulet)
HPRegen 0.14/turn               (no ring)
MPRegen 0.09/turn               (no ring)

@: no status effects
A: permanent stasis, dig shafts and tunnels, antennae 3, four strong arms
a: Dig, Shaft Self


You were on level 3 of the Dungeon.
You visited 1 branch of the dungeon, and saw 4 of its levels.

You collected 132 gold pieces.

Inventory:

Hand Weapons
 a - a +1 hunting sling (weapon)
 b - a +0 short sword
Missiles
 d - 23 sling bullets
 g - 44 stones (quivered ammo)
 s - 3 silver javelins
 u - a poisoned dart
Armour
 v - a +1 leather armour of fire resistance (worn)
Wands
 r - a wand of iceblast (7)
 w - a wand of acid (11)
Scrolls
 c - 3 scrolls of vulnerability {unknown}
 e - a scroll of teleportation {unknown}
 f - 2 scrolls of identify {unknown}
 h - a scroll of noise {unknown}
 o - a scroll of magic mapping {unknown}
 p - a scroll of immolation {unknown}
 q - a scroll of enchant armour {unknown}
Potions
 i - 2 potions of cancellation {unknown}
 j - a potion of curing {unknown}
 k - a potion of berserk rage {unknown}
 l - a potion of mutation {unknown}
 m - a potion of heal wounds {unknown}
 n - a potion of resistance {unknown}
 t - a potion of attraction {unknown}
 x - a potion of ambrosia {unknown}


   Skills:
 + Level 3.7 Fighting
 + Level 5.4 Slings
 - Level 2.0 Dodging
 + Level 3.8 Stealth


You had 4 spell levels left.
You didn't know any spells.
Your spell library contained the following spells:

 Spells                   Type           Power      Damage    Failure   Level
 Ensorcelled Hibernation  Hex/Ice        0%         N/A       56%         2
 Passwall                 Tmut/Erth      0%         N/A       56%         2
 Conjure Flame            Conj/Fire      0%         6-21      80%         3
 Ignite Poison            Fire/Tmut/Pois 0%         N/A       80%         3
 Sticky Flame             Conj/Fire      0%         2d3       99%         4
 Swiftness                Air            Unusable   N/A       N/A         3

Dungeon Overview and Level Annotations

Branches:
Dungeon (4/15)
 Temple: D:4-7

Altars:


Innate Abilities, Weirdness & Mutations

You cannot be hasted, slowed, berserked, paralysed or teleported.
You can dig through walls and to a lower floor.
You have a pair of large antennae on your head. (SInv)
Your four strong arms can wield two-handed weapons with a shield.


Message History

You shoot a sling bullet.
The sling bullet closely misses the yak.
The yak barely misses you.
Unknown command.
Fire: 27 sling bullets
Press: ? - help, Shift-Dir - straight line, f/p - yak
Aim: a yak (71% to hit)
You shoot a sling bullet. The sling bullet hits the yak.
The yak is lightly wounded.
The yak gores you.
Unknown command.
Fire: 26 sling bullets
Press: ? - help, Shift-Dir - straight line, f/p - yak
Aim: a yak (lightly wounded, 71% to hit)
You shoot a sling bullet. The sling bullet barely misses the yak.
The sling bullet completely misses the ufetubus.
The yak gores you.
Unknown command.
Fire: 25 sling bullets
Press: ? - help, Shift-Dir - straight line, f/p - yak
Aim: a yak (lightly wounded, 71% to hit)
You shoot a sling bullet. The sling bullet hits the yak!
The yak is moderately wounded.
The yak gores you!
* * * LOW HITPOINT WARNING * * *
Throw: 2 darts (poison)
Press: ? - help, Shift-Dir - straight line, f/p - yak
Aim: a yak (moderately wounded, 69% to hit)
You throw a poisoned dart. The poisoned dart hits the yak.
The yak is poisoned.
The yak is moderately wounded.
The yak gores you but does no damage.
Unknown command.
Fire: 24 sling bullets
Press: ? - help, Shift-Dir - straight line, f/p - yak
Aim: a yak (heavily wounded, poisoned, 71% to hit)
You shoot a sling bullet.
The sling bullet hits the yak but does no damage.
The yak is heavily wounded.
The yak gores you!
You die...

# #.#..≈.≈..##.###...#
###### #
#.#..≈≈...##.####.## #
#.#.≈≈....##......# #
#.#.≈≈≈.≈.#######.#########
#....≈≈≈..# #....#.....
##..≈≈≈...# #..≈≈≈≈...#
##.#..≈≈..### #.....≈.#.#
######.###≈≈≈....#
#..≈≈≈≈##..
........#.≈≈≈..#@#
######.####
.#####...##≈≈###Y# #.####
.........##≈## #5# #.....
.#........#≈####.####
######
.##.#..#######.....5#
.#..#..# #.# #[##.#.##
.......###.###>#.###(##
))....##.....#..## ##.#
##.#####.<...#.#.###.##


You could see a yak (poisoned) and an ufetubus.

Vanquished Creatures
  Ijyb (D:3)
  5 adders
  3 worms (D:2)
  2 dart slugs (D:2)
  4 orcs (D:3)
  3 bats (D:3)
  7 endoplasms
  2 giant cockroaches
  A goblin (D:3)
  6 hobgoblins
  6 jackals (D:2)
  4 quokkas
  4 ball pythons
  5 frilled lizards
  8 kobolds
  5 rats
66 creatures vanquished.

Notes
Turn   | Place    | Note
-------+----------+-------------------------------------------
     0 | D:1      | oldriver the Formicid Hunter began the quest for the Orb.
     0 | D:1      | Reached XP level 1. HP: 16/16 MP: 1/1
   470 | D:1      | Reached XP level 2. HP: 23/23 MP: 2/2
   844 | D:2      | Reached XP level 3. HP: 28/28 MP: 3/3
  1152 | D:2      | Reached XP level 4. HP: 29/35 MP: 4/4
  1209 | D:2      | Found a faded altar of an unknown god.
  1246 | D:2      | Reached skill level 5 in Slings
  1752 | D:3      | Reached XP level 5. HP: 41/41 MP: 5/5
  2599 | D:4      | Noticed Ijyb
  2600 | D:4      | Noticed a yak
  2600 | D:4      | Noticed a yak
  2606 | D:3      | Killed Ijyb
  2619 | D:4      | Noticed a yak
  2619 | D:4      | Noticed a yak
  2619 | D:4      | Noticed a yak
  2619 | D:4      | Noticed a yak
  2641 | D:3      | Slain by a yak

Illustrated notes

Levels and vault maps discovered:
D:1:      dpeg_arrival_short_road, layout_basic, minmay_hedge_maze
D:2:      layout_rooms, hellmonk_ecumenical_altar_dog_temple,
          minmay_tiny_reverse_x
D:3:      layout_loops_cross, serial_rivers, chequers_serial_rivers_small_3,
          chequers_serial_rivers_micro_c, chequers_serial_rivers_micro_c,
          chequers_serial_rivers_small_3, chequers_serial_rivers_micro_d,
          chequers_serial_rivers_small_b
D:4:      layout_rooms, lemuel_crystal_altar, fedhas_altar_decomposition,
          minmay_temple_entry_large_hall, gup_sewer_entry_glass,
          chequers_serial_rivers_room_a, uniq_robin, uniq_crazy_yiuf_cottage,
          uniq_eustachio, uniq_ijyb

Skill      XL: |  1  2  3  4 |
---------------+-------------+-----
Dodging        | 2 |  2.0
Stealth        | 2 3 |  3.8
Fighting       | 3 |  3.7
Slings         | 5 |  5.4

Action                   |  1- 3 |  4- 6 || total
-------------------------+-------+-------++-------
Melee: Short sword       |    26 |       ||    26
       Punch             |     2 |       ||     2
 Fire: Hunting sling     |    76 |   103 ||   179
Throw: Dart              |       |     1 ||     1
Evoke: Wand              |       |     1 ||     1
Armor: Leather armour    |     7 |    14 ||    21
Dodge: Dodged            |    23 |    19 ||    42
